 Dungeon Crawl Stone Soup version bcrawl-1.13.2 (webtiles) character file.

Game seed: 8249631592712196494

63 Felnil the Shield-Bearer (level 3, 18/24 HPs)
             Began as a Skeleton Fighter on Aug 9, 2019.
             Was a Plaything of Xom.
             Quit the game on level 2 of the Dungeon.
             The game lasted 00:05:57 (1700 turns).

Felnil the Shield-Bearer (Skeleton Fighter)         Turns: 1700, Time: 00:05:58

Health: 18/24      AC:  7    Str: 22 (23) XL:     3   Next: 89%
Magic:  2/3        EV:  8    Int:  6      God:    Xom [..*...]
Gold:   48         SH:  9    Dex:  8      Spells: 2/2 levels left

rFire    . . .     SeeInvis .   h - +1 hand axe (chop)
rCold    + . .     Gourm    .   c - +0 shield
rNeg     + + +     Faith    .   b - +0 scale mail
rPois    ∞         Spirit   +   (no helmet)
rElec    .         Reflect  .   f - scarf {buggy}
rCorr    .         Harm     .   (no gloves)
MR       .....                  (no boots)
Stlth    ..........             (no amulet)
HPRegen  0.08/turn              (no ring)
MPRegen  0.08/turn              (no ring)

@: no status effects
A: no food or potions, cold resistance 1, deterioration 1, negative energy
resistance 3, torment resistance, unbreathing, magic shield, sturdy frame 1,
spell healing
a: Renounce Religion


You were on level 2 of the Dungeon.
You worshipped Xom.
You were a toy of Xom.
You were not hungry.

You visited 1 branch of the dungeon, and saw 2 of its levels.

You collected 48 gold pieces.

Inventory:

Hand Weapons
 a - a +0 war axe
 h - a +1 hand axe of chopping (weapon)
Armour
 b - a +0 scale mail (worn)
 c - a +0 shield (worn)
 f - a scarf of stasis (worn)
Scrolls
 d - 2 scrolls of blinking {unknown}
 e - a scroll of immolation {unknown}
 g - a scroll of identify {unknown}


   Skills:
 + Level 3.7 Fighting
 - Level 2.4 Axes
 + Level 4.0 Armour
 + Level 4.5 Shields


You had 2 spell levels left.
You didn't know any spells.
Your spell library was empty.

Dungeon Overview and Level Annotations

Branches:
Dungeon (2/12)

Altars:
Gozag
Xom


Innate Abilities, Weirdness & Mutations

You do not eat or drink.
You are immune to poison.
Your flesh is cold resistant. (rC+)
Your body sometimes deteriorates upon taking damage.
You are immune to negative energy. (rN+++)
You are immune to unholy pain and torment.
You can survive without breathing.
When hurt, damage is shared between your health and your magic reserves.
Your movements are slightly less encumbered by armour. (ER -2)
Casting spells heals you.


Message History

Your shield and scale mail prevent you from hitting the hobgoblin.
The hobgoblin hits you with a +0 club.
You closely miss the hobgoblin. The hobgoblin hits you with a +0 club.
The hobgoblin barely misses you.
You barely miss the hobgoblin. You block the hobgoblin's attack.
You barely miss the hobgoblin. You block the hobgoblin's attack.
You barely miss the hobgoblin. The hobgoblin closely misses you.
You hit the hobgoblin.
You kill the hobgoblin!
No target in view!
No target in view!
No target in view!
Unknown command.
No target in view!
Saving game... please wait.
Welcome back, Felnil the Skeleton Fighter.
Xom titters.
Press ? for a list of commands and other information.
Unknown command.
Are you sure you want to abandon this character and quit the game? (Confirm with "yes".)

##...## #.# #†#.# #
#.## #.#.######### .#
#. #............ .#
####.#####.#########.
#.......##.# #.
#.......##.# #.
#.......##.#########.
#...#.#....##........
#..)@_..##.##........
#...#.#.#...#.......#
#....................
#######.#...#.......#
#.# #.###....÷.....
..# #.# #.#.......#
##### #.# #.###.#.###
..... #.# #.# ##....#
##### #.# #.# ####.#


There were no monsters in sight!

Vanquished Creatures
  A gnoll (D:1)
  A worm (D:2)
  A dart slug (D:2)
  6 leopard geckos
  2 ball pythons (D:2)
  5 bats
  3 giant cockroaches (D:1)
  3 goblins
  5 hobgoblins
  A quokka (D:1)
  7 frilled lizards
  5 kobolds
  4 rats (D:1)
44 creatures vanquished.

Notes
Turn   | Place    | Note
-------+----------+-------------------------------------------
     0 | D:1      | Felnil the Skeleton Fighter began the quest for the Orb.
     0 | D:1      | Reached XP level 1. HP: 14/14 MP: 1/1
   224 | D:1      | Reached XP level 2. HP: 19/19 MP: 2/2
   670 | D:1      | Reached XP level 3. HP: 11/23 MP: 1/3
  1214 | D:2      | Found a faded altar of an unknown god.
  1266 | D:2      | Became a worshipper of Xom of Swiftly Tilting Intent
  1319 | D:2      | XOM: silly message
  1349 | D:2      | Found an opulent altar of Gozag.
  1700 | D:2      | Quit the game

Skill      XL: |  1  2  3 |
---------------+----------+-----
Shields        | 4 |  4.5
Armour         | 4 |  4.0
Fighting       | |  3.7
Axes           | |  2.4

Action                   || total
-------------------------++-------
Melee: War axe           ||   154
       Hand axe          ||    12
Armor: Scale mail        ||    79
Dodge: Dodged            ||    90
Block: Shield            ||    97
